Match 42092939
Unlisted

Match 42092939
End
Construct Section Command Post
Infantry Section
Selects Indian Artillery Battlegroup
Infantry Section
ML 3-inch Mortar Team
Construct Field Infirmary
Construct Platoon Command Post
Selects Artillery Saturation
Humber Armored Car
Infantry Section
Infantry Training
Selects Off-map Airburst Barrage
Construct Company Command Post
Selects BL5.5 Artillery Emplacement
Matilda II Heavy Tank
Off-map Airburst Barrage
Royal Engineer Section
Selects Valour
Selects Gurkha Rifles Section
Matilda II Heavy Tank
Off-map Airburst Barrage
Unlock M3 Grant Medium Tanks
Off-map Airburst Barrage
M3 Grant Medium Tank
M3 Grant Medium Tank
M3 Grant Medium Tank
Selects Volunteer Infantry
M3 Grant Medium Tank
Armored Vehicle Training
엔셀라
__Alien____
KoalaImpala
Tanith's Finest
0
0

Comments sign in to comment!

No comments posted yet!